 Dungeon Crawl Stone Soup version 0.29.1-1-gd02db6906a (console) character file.

Game seed: 1013892480248987812

4 sentinel the Digger (level 1, 0/14 HPs)
             Began as a Meteoran Earth Elementalist on Oct 14, 2022.
             Slain by a hobgoblin (2 damage)
             ... on level 1 of the Dungeon.
             The game lasted 00:00:01 (55 turns).

sentinel the Digger (Meteoran Earth Elementalist)     Turns: 55, Time: 00:00:01

Health: 0/14       AC:  2    Str:  9    XL:     1   Next: 85%
Magic:  0/5        EV: 12    Int: 16    God:
Gold:   0          SH:  0    Dex: 14    Spells: 4/5 levels left

rFire   . . .      SeeInvis .   (no weapon)
rCold   . . .      Faith    .   (no shield)
rNeg    . . .      Spirit   .   a - +0 robe
rPois   .          Reflect  .   (no helmet)
rElec   .          Harm     .   (no cloak)
rCorr   .          Rampage  .   (no gloves)
Will    .....                   (no boots)
Stlth   +.........              (no amulet)
HPRegen 0.04/turn               (no ring)
MPRegen 0.09/turn               (no ring)

@: glowing
A: sense surroundings 1, otherworldly, glowing, explore regen
a: no special abilities


You were on level 1 of the Dungeon.
You visited 1 branch of the dungeon, and saw 1 of its levels.

Inventory:

Armour
 a - a +0 robe (worn)
Potions
 b - a potion of magic


   Skills:
 - Level 2.4 Dodging
 - Level 1.4 Stealth
 - Level 2.6 Spellcasting
 - Level 1.2 Transmutations
 + Level 4.0 Earth Magic


You had 4 spell levels left.
You knew the following spells:

 Your Spells              Type           Power      Damage    Failure   Level
a - Sandblast             Erth           30%        2d9       3%          1

Your spell library contained the following spells:

 Spells                   Type           Power      Damage    Failure   Level
 Passwall                 Tmut/Erth      8%         N/A       10%         2
 Stone Arrow              Conj/Erth      16%        3d8       26%         3
 Petrify                  Tmut/Erth      10%        N/A       54%         4


Dungeon Overview and Level Annotations

Branches:
Dungeon (1/15) Zot: 542

Altars:


Innate Abilities, Weirdness & Mutations

You passively map a small area around you.
You are easily found by Zot.
You glow in the dark.
You regain HP and MP as you explore.


Message History

Welcome, sentinel the Meteoran Earth Elementalist.
The heart of this dungeon contains the glorious artefact, the Orb of Zot.
Press ? for a list of commands and other information.
Found a staircase leading out of the dungeon.
Unknown command.
Unknown command.
Unknown command.
You open the door.
There is an open door here.
You open the door.
There is an open door here.
You open the door.
Found 8 stones.
There is an open door here.
Unknown command.
You see here 8 stones.
You open the door.
There is an open door here.
Found an escape hatch in the floor.
Unknown command. 3 jackals and a hobgoblin come into view.
The hobgoblin shouts!
The jackal barks!
You hear a bark!
You hear a shout!
Unknown command.
But you're not safe!
Unknown command.
But you're not safe!
Unknown command.
You miscast Sandblast.
You are very lightly contaminated with residual magic.
Nothing appears to happen.
A jackal comes into view.
You barely miss the jackal.
The jackal bites you but does no damage.
The blast of sand misses the jackal.
The blast of sand hits the jackal!
You kill the jackal!
The jackal barely misses you. x2
Unknown command.
The blast of sand hits the jackal!
You kill the jackal!
A goblin comes into view. It is wielding a +0 dagger.
The jackal completely misses you.
Unknown command.
The blast of sand misses the jackal.
The jackal closely misses you. The jackal bites you.
The hobgoblin barely misses you.
Unknown command.
The blast of sand misses the jackal.
The blast of sand hits the jackal!
You kill the jackal!
The jackal bites you.
The jackal bites you but does no damage.
The hobgoblin hits you. The hobgoblin barely misses you.
The jackal bites you but does no damage.
Your magical contamination has completely faded away.
Your Earth Magic skill increases to level 4!
Unknown command.
You hit the jackal but do no damage. The jackal bites you.
The hobgoblin hits you.
You hit the jackal but do no damage. The jackal barely misses you.
The hobgoblin hits you.
You die...

, * , , , * * ** , .
#### , , , .. , ..>. ,,
* * ... , ###..#### * ,
.... , ##........ ,
..... ##..######### ,,
* ......#..#'.......##
,*
.....gh@##.#######.##
,,
.#####g##.##...≈.##.##,
#.#.##.#####.##.# , ,
#.#≈# ##.≈.##.#(# ,
#.#.# #.'##.#.#.#,, **
#.#.# #.#<#.#.'.# #.#.#
#.###.#.#.# * * #.#.#
##...'#.#.# , ,*
#.##.#####.##.# ,


You could see a jackal, a hobgoblin and a goblin.

Vanquished Creatures
  3 jackals (D:1)
3 creatures vanquished.

Notes
Turn   | Place    | Note
-------+----------+-------------------------------------------
     0 | D:1      | sentinel the Meteoran Earth Elementalist began the quest
                  | for the Orb.
     0 | D:1      | Reached XP level 1. HP: 14/14 MP: 5/5
    54 | D:1      | Reached skill level 4 in Earth Magic
    55 | D:1      | Slain by a hobgoblin

Illustrated notes

Levels and vault maps discovered:
D:1:      evilmike_arrival_rings, layout_basic

Skill      XL: |  1 |
---------------+----+-----
Earth Magic    | 4 |  4.0
Dodging        | |  2.4
Stealth        | |  1.4
Spellcasting   | |  2.6
Transmutations | |  1.2

Action                   || total
-------------------------++-------
Melee: Unarmed           ||     3
 Cast: Sandblast         ||     4
Armor: Robe              ||     3
Dodge: Dodged            ||     7
